 Dungeon Crawl Stone Soup version 0.27.0-1-g7a089689b8 (webtiles) character file.

Game seed: 11876813939740543701

14 Spectrina the Ducker (level 2, 0/18 HPs)
             Began as a Deep Elf Monk on Aug 7, 2021.
             Slain by an orc wizard (3 damage)
             ... on level 3 of the Dungeon.
             The game lasted 00:01:52 (321 turns).

Spectrina the Ducker (Deep Elf Monk)                 Turns: 321, Time: 00:01:53

Health: 0/18       AC:  3    Str:  8    XL:     2   Next: 27%
Magic:  7/7        EV: 13    Int: 14    God:
Gold:   11         SH:  0    Dex: 17    Spells: 6/6 levels left

rFire    . . .     SeeInvis .   i - +4 morningstar
rCold    . . .     Faith    .   (no shield)
rNeg     . . .     Spirit   .   e - +0 robe
rPois    .         Reflect  .   (no helmet)
rElec    .         Harm     .   (no cloak)
rCorr    .         Rampage  .   (no gloves)
Will     .....                  h - +0 pair of boots
Stlth    ++........             (no amulet)
HPRegen  0.06/turn              (no ring)
MPRegen  0.10/turn              (no ring)

@: no status effects
A: no striking features
a: no special abilities


You were on level 3 of the Dungeon.
You visited 1 branch of the dungeon, and saw 3 of its levels.

You collected 11 gold pieces.

Inventory:

Hand Weapons
 a - a +0 short sword
 b - a +0 dagger
 i - a +4 morningstar (weapon)
Missiles
 c - 26 arrows
 d - a stone (quivered)
 g - 14 poisoned darts
Armour
 e - a +0 robe (worn)
 h - a +0 pair of boots (worn)


   Skills:
 - Level 2.4 Fighting
 - Level 3.0 Short Blades
 - Level 3.6 Dodging
 - Level 2.4 Stealth
 + Level 2.7 Spellcasting


You had 6 spell levels left.
You didn't know any spells.
Your spell library was empty.

Dungeon Overview and Level Annotations

Branches:
Dungeon (3/15)

Altars:


Message History

A hobgoblin opens the door.
An orc comes into view. It is wielding a +4 morningstar.
An orc and an orc wizard come into view.
The helpless orc fails to defend itself.
You impale the orc!!
You kill the orc!
Unknown command.
Things that are here:
a +4 morningstar; an orc corpse
i - a +4 morningstar The orc wizard shouts!
The orc hits you with a +0 whip. The hobgoblin misses you.
i - a +4 morningstar (weapon)
You sock the hobgoblin!
You kill the hobgoblin!
You closely miss the orc wizard. The orc wizard casts a spell at you.
The magic dart hits you!
* * * LOW HITPOINT WARNING * * *
The orc wizard hits you with a +0 dagger.
* * * LOW HITPOINT WARNING * * *
It was a potion of curing.
You feel better.
The orc wizard gestures at you while chanting.
You resist with significant effort.
Unknown command.
You hit the orc wizard.
The orc wizard is moderately wounded.
The orc wizard barely misses you.
You closely miss the orc wizard.
The orc wizard is moderately wounded.
The orc wizard hits you with a +0 dagger. x2
* * * LOW HITPOINT WARNING * * *
You barely miss the orc wizard.
The orc wizard is moderately wounded.
The orc wizard barely misses you.
You barely miss the orc wizard.
The orc wizard is moderately wounded.
The orc wizard hits you with a +0 dagger.
You die...

#<........#
.....
#######.###
.... #g#
... #.# +#
#.# #.# #.#
#.######
#.†@oo.#
######.#
... ##.# .#
#


You could see an orc wizard and an orc.

Vanquished Creatures
  An orc (D:3)
  A bat (D:1)
  An endoplasm (D:1)
  4 hobgoblins
  A kobold (D:1)
  A frilled lizard (D:1)
  2 goblins (D:1)
11 creatures vanquished.

Notes
Turn   | Place    | Note
-------+----------+-------------------------------------------
     0 | D:1      | Spectrina the Deep Elf Monk began the quest for the Orb.
     0 | D:1      | Reached XP level 1. HP: 13/13 MP: 3/3
    89 | D:1      | Reached skill level 1 in Spellcasting
   242 | D:1      | Found a faded altar of an unknown god.
   248 | D:1      | Reached XP level 2. HP: 10/18 MP: 7/7
   321 | D:3      | Slain by an orc wizard

Illustrated notes

Levels and vault maps discovered:
D:1:      dpeg_arrival_morbid_curiosity, layout_loops_ring,
          hellmonk_ecumenical_altar_slurped_away, corexii_leaking_fountain
D:2:      layout_basic, basic_altar
D:3:      layout_loops_corners

Skill      XL: |  1 |
---------------+----+-----
Spellcasting   | 2 |  2.7
Fighting       | |  2.4
Short Blades   | |  3.0
Dodging        | |  3.6
Stealth        | |  2.4

Action                   || total
-------------------------++-------
Melee: Short sword       ||    22
       Dagger            ||    10
       Morningstar       ||     6
  Use: Potion            ||     1
 Stab: Sleeping          ||     5
Armor: Robe              ||     9
Dodge: Dodged            ||    25
